Map: Cyber Forest LE

Players

Woah - Winner!

  • Race: Terran Terran
  • Spawn Location: 11:00

Theson

  • Race: Protoss Protoss
  • League: Platinum
  • Spawn Location: 5:00

VOD

Have the link to the VOD?

Description

Time

  • Played on: June 11, 2019, 2:38 p.m.
  • Length: 17:33
Show
View Real Time Build Order
Export as new Build Order

Woah Terran - Winner!

Build Orders: Gas First Reaper Expand 

Get SALT Encoding   

  12  0:01  SCV  
  13  0:17  SCV, Supply Depot  
  14  0:25  Refinery  
  14  0:29  SCV  
  15  0:41  Barracks  
  15  0:45  SCV  
  16  0:58  SCV  
  17  1:10  SCV  
  18  1:28  Orbital Command  
  18  1:29  Reaper  
  19  1:44  Command Center  
  19  1:53  SCV  
  20  2:01  Marine  
  21  2:10  SCV  
  21  2:13  Factory  
  22  2:20  Supply Depot  
  22  2:22  Refinery  
  22  2:24  Barracks Reactor  
  22  2:25  SCV  
  23  2:39  Barracks  
  23  2:41  SCV  
  24  2:53  SCV  
  24  2:56  Orbital Command  
  25  3:02  Factory Tech Lab  
  25  3:04  Marine  
  26  3:06  Starport  
  26  3:09  Marine  
  27  3:15  SCV  
  28  3:24  SCV  
  29  3:29  SCV  
  29  3:31  Barracks Tech Lab  
  30  3:34  Supply Depot  
  30  3:38  Marine  
  31  3:45  SCV x2  
  33  3:51  Bunker  
  33  4:01  SCV  
  33  4:02  SCV  
  35  4:06  Marine x2  
  37  4:10  Raven  
  37  4:13  Stimpack  
  37  4:15  Factory Tech Lab  
  39  4:17  SCV  
  39  4:19  SCV  
  41  4:25  Engineering Bay  
  41  4:29  SCV  
  42  4:37  SCV, Barracks  
  43  4:42  SCV  
  43  4:43  Supply Depot  
  44  4:46  Marine x3  
  44  4:48  Siege Tank  
  44  4:49  SCV  
  44  4:50  Terran Infantry Weapons Level 1  
  51  4:53  Supply Depot  
  51  5:04  Marauder  
  51  5:05  SCV  
  54  5:08  Refinery  
  54  5:16  Barracks  
  54  5:18  Barracks  
  54  5:21  Starport Reactor  
  54  5:26  Barracks Tech Lab  
  54  5:34  Bunker  
  54  5:35  Marauder, Marine x2  
  57  5:38  SCV x2  
  60  5:44  Combat Shield  
  60  5:46  Command Center  
  60  5:53  Marine  
  60  6:01  Supply Depot  
  58  6:09  Missile Turret  
  58  6:10  Marine  
  60  6:20  SCV  
  60  6:22  Command Center  
  60  6:23  Medivac  
  62  6:26  Medivac, Supply Depot  
  64  6:33  Missile Turret  
  64  6:34  Barracks Reactor  
  64  6:47  Barracks Reactor  
  57  7:33  Marauder, Marine x2  
  57  7:34  Marauder, Marine x4  
  67  7:37  Engineering Bay  
  67  7:38  Armory  
  67  7:40  Orbital Command  
  67  7:43  Terran Infantry Armor Level 1  
  64  7:51  Marine x2  
  64  7:52  Marine x4  
  64  7:54  Marine  
  65  8:00  Marine  
  65  8:03  Orbital Command  
  66  8:05  SCV  
  66  8:06  SCV x2  
  69  8:18  SCV x2  
  68  8:28  Terran Infantry Weapons Level 2  
  68  8:31  SCV  
  68  8:33  Marine  
  68  8:34  Marine x3  
  71  8:35  Marine x4  
  71  8:40  Viking  
  79  8:42  Medivac  
  79  8:48  Starport  
  81  8:49  Concussive Shells  
  81  9:08  Refinery  
  81  9:09  SCV  
  85  9:10  SCV x3  
  85  9:11  Refinery  
  85  9:15  Medivac x2  
  89  9:21  SCV  
  89  9:22  SCV x2  
  92  9:33  SCV  
  92  9:34  SCV, Orbital Command  
  92  9:36  Marauder x2, Marine x2  
  92  9:37  Marine x4  
  104  9:54  Marine x3  
  104  9:55  Marine x3  
  104  9:57  Marine x2  
  102  11:04  SCV  
  102  11:07  Terran Infantry Armor Level 2  
  102  11:08  Ghost Academy, Terran Infantry Weapons Level 3  
  103  11:11  Marine  
  103  11:12  Marine x7  
  103  11:15  Medivac x2  
  115  11:23  Barracks  
  115  11:24  Barracks  
  115  11:25  Barracks x2  
  115  11:26  Barracks  
  115  11:28  Missile Turret  
  115  11:29  Missile Turret, Marine  
  115  11:30  Missile Turret x2  
  116  11:46  Ghost x2  
  116  11:47  Marine x3  
  116  11:48  Supply Depot  
  116  11:49  Supply Depot  
  116  11:50  Supply Depot  
  123  12:10  Barracks Tech Lab  
  123  12:11  Barracks Tech Lab x2  
  123  12:15  Ghost, Supply Depot  
  123  12:16  Marauder  
  123  12:18  Fusion Core  
  123  12:21  SCV x4  
  131  12:24  Marine x3  
  134  12:31  Barracks Reactor  
  134  12:33  SCV x4  
  134  12:36  Ghost  
  138  12:37  Barracks Tech Lab  
  138  12:38  Personal Cloaking  
  138  12:41  Marine x6  
  138  12:42  Marine x3  
  138  12:44  Marine  
  149  12:45  SCV x4  
  149  12:48  Supply Depot x2  
  149  12:50  Supply Depot  
  154  12:59  Marine x2  
  156  13:09  Marauder, Marine x8  
  166  13:19  Command Center  
  166  13:24  Marauder, Marine x4  
  172  13:27  Marauder, Marine x5  
  172  13:30  Command Center, Supply Depot  
  172  13:32  Refinery  
  172  13:33  Refinery  
  179  13:36  Command Center  
  75  14:24  Ghost x4  
  75  14:25  Ghost x2  
  75  14:26  Marine x8  
  92  14:43  Marine  
  92  14:44  Marine x7  
  95  14:53  Marine x5  
  95  14:54  Marine  
  101  15:01  Marine  
  101  15:02  Marine x7  
  101  15:06  Planetary Fortress  
  109  15:11  Marine x6  
  115  15:19  Marine  
  115  15:20  Marine x5  
  121  15:29  Marauder x4  
  103  15:53  Marine  
  103  15:54  Marauder, Marine x12  
  103  16:11  Marine  
  99  16:12  Marauder, Marine x8  
  108  16:21  Marine  
  108  16:22  Marine x3  
  110  16:26  Liberator x2  
  110  16:29  Marine x9  
  116  16:33  Marine  
  116  16:39  Marine  
  116  16:40  Marine x3  
  116  16:46  Marine  
  125  16:47  Marine  
  125  16:48  Marauder  
  125  16:51  Starport x2  
  125  16:52  Marauder  
  131  17:00  Marauder x4  
  139  17:09  Marauder  
Show
View Real Time Build Order
Export as new Build Order

Theson Protoss 

Build Orders:  

Get SALT Encoding   

  12  0:01  Probe  
  13  0:13  Probe  
  14  0:17  Assimilator  
  14  0:39  Probe  
  15  0:48  Pylon  
  15  1:04  Probe  
  16  1:12  Probe  
  16  1:13  Gateway  
  17  1:19  Assimilator  
  17  1:21  Probe  
  18  1:32  Assimilator  
  18  1:33  Probe  
  19  1:45  Probe  
  20  1:57  Probe  
  21  2:04  Cybernetics Core  
  21  2:05  Zealot  
  20  2:09  Probe  
  23  2:25  Pylon  
  23  2:43  Probe  
  24  2:45  Nexus  
  24  2:49  Stalker  
  26  2:55  Probe  
  27  3:07  Probe  
  28  3:13  Warp Gate  
  29  3:20  Probe  
  29  3:24  Twilight Council  
  29  3:31  Pylon  
  29  3:32  Probe  
  30  3:38  Stargate  
  30  3:42  Probe  
  31  3:49  Sentry  
  31  3:50  Probe  
  34  3:57  Assimilator  
  34  3:58  Probe  
  34  4:02  Assimilator, Probe  
  36  4:10  Probe  
  36  4:14  Probe  
  36  4:15  Charge  
  38  4:22  Probe  
  39  4:29  Oracle  
  42  4:34  Probe  
  42  4:38  Pylon  
  43  4:43  Templar Archives  
  43  4:46  Probe  
  43  4:50  Probe  
  45  5:02  Probe  
  45  5:04  Gateway  
  45  5:05  Gateway  
  46  5:12  Psionic Storm, Stalker  
  46  5:14  Probe  
  49  5:45  High Templar  
  49  5:48  Void Ray  
  55  6:13  Zealot  
  55  6:14  Zealot  
  59  6:23  Gateway  
  59  6:25  Gateway  
  59  6:28  Gateway  
  59  6:33  Nexus, Pylon  
  59  6:37  Assimilator  
  59  6:39  Assimilator  
  59  6:45  Probe  
  59  6:46  Forge  
  60  6:48  Pylon  
  59  6:57  Probe  
  60  7:09  Probe  
  55  7:22  Zealot  
  55  7:23  Zealot x4  
  55  8:01  Zealot x5  
  55  8:02  Zealot  
  67  8:12  Nexus  
  67  8:40  Pylon  
  67  8:44  Assimilator  
  67  8:45  High Templar  
  69  8:57  Protoss Ground Weapons Level 1, Pylon  
  69  8:58  Pylon x2  
  69  9:06  Pylon  
  69  9:07  Probe  
  70  9:10  Pylon  
  70  9:13  Pylon  
  70  9:19  Probe  
  72  9:31  Probe  
  72  9:34  Zealot x6  
  84  9:43  Probe  
  85  9:55  Probe  
  85  9:57  Robotics Facility x2  
  85  9:59  Robotics Facility  
  67  10:17  High Templar x2  
  67  10:18  High Templar x3  
  67  10:19  High Templar  
  77  10:29  Forge  
  66  11:02  Probe  
  67  11:06  Protoss Ground Armor Level 1  
  67  11:15  Probe  
  68  11:23  Zealot x3  
  74  11:27  Probe  
  75  11:35  Gateway  
  75  11:36  Gateway  
  75  11:37  Gateway  
  75  11:39  Probe  
  76  11:40  Nexus  
  76  11:41  Gateway x2  
  76  11:51  Probe  
  76  11:53  Twilight Council  
  77  11:59  Robotics Bay  
  77  12:02  Probe  
  78  12:14  Probe  
  79  12:21  Probe  
  79  12:22  Observer x3  
  83  12:30  Probe  
  84  12:39  Probe  
  84  12:43  Observer x3  
  88  12:49  Pylon  
  88  13:04  Disruptor x3  
  66  14:04  Zealot x2  
  66  14:05  Zealot x5  
  66  14:06  Zealot x3  
  66  14:55  Zealot x4  
  66  14:56  Zealot x4  
  82  15:00  Disruptor x3  
  52  15:51  Zealot  
  52  15:52  Zealot x5  
  60  16:04  Zealot  
  44  16:22  Zealot  
  44  16:23  Zealot x2  
  42  16:33  Zealot x2  
  40  16:55  Zealot x4  
  48  17:08  Pylon  
  48  17:19  Pylon  
  48  17:28  Nexus  
Tags
 
League
Platinum
Matchup
PvT
Replay Pack
r1
Spawn Locations
Cross Positions
Add a new tag
Caveats
  • Supply blocks, unpowered buildings, or Contaminate may cause inaccurate times.
  • Supply counts are checked every 10 seconds.